 Dungeon Crawl Stone Soup version 0.28-a0-533-g9f97627e2a (webtiles) character file.

Game seed: 477030126395565272

3403 Gwenloh the Arsonist (level 9, -2/48 HPs)
             Began as a Deep Elf Fire Elementalist on Sept 25, 2021.
             Was a Believer of Uskayaw.
             Succumbed to a gnoll sergeant's poison
             ... on level 6 of the Dungeon.
             The game lasted 00:25:34 (8886 turns).

Gwenloh the Arsonist (Deep Elf Fire Elementalist)   Turns: 8886, Time: 00:25:36

Health: -2/48      AC:  2    Str:  5    XL:     9   Next: 75%
Magic:  16/23      EV: 14    Int: 24    God:    Uskayaw [**....]
Gold:   303        SH:  0    Dex: 15    Spells: 12/25 levels left

rFire   + + +      SeeInvis .   w - staff of fire
rCold   x . .      Faith    .   (no shield)
rNeg    . . .      Spirit   .   a - +0 robe
rPois   .          Reflect  .   (no helmet)
rElec   +          Harm     .   (no cloak)
rCorr   .          Rampage  .   (no gloves)
Will    .....                   (no boots)
Stlth   ++++......              (no amulet)
HPRegen 0.16/turn               i - ring "Ared" {Wiz rElec rF+++ rC-}
MPRegen 0.18/turn               (no ring)

@: lethally poisoned (-2 -> -12), very slightly contaminated
A: no striking features
a: Renounce Religion, Stomp, Line Pass


You were on level 6 of the Dungeon.
You worshipped Uskayaw.
Uskayaw was noncommittal.
You visited 1 branch of the dungeon, and saw 7 of its levels.
You also visited: Sewer.

You collected 303 gold pieces.

Inventory:

Hand Weapons
 r - a +2 demon blade of electrocution
Armour
 a - a +0 robe (worn)
Magical Staves
 g - a staff of conjuration
 u - a staff of earth
 w - a staff of fire (weapon)
Jewellery
 i - the ring "Ared" (left hand) {Wiz rElec rF+++ rC-}
   (You found it in a sewer)

   [ring of wizardry]

   It improves your spell success rate.
   rF:        It renders you almost immune to fire.
   rC:        It makes you vulnerable to cold.
   rElec:     It insulates you from electricity.
Wands
 q - a wand of flame (42)
 s - a wand of iceblast (17)
Scrolls
 b - 3 scrolls of summoning
 d - 2 scrolls of teleportation
 e - a scroll of vulnerability
 j - 3 scrolls of noise
 m - 2 scrolls of blinking
 p - a scroll of torment
 t - a scroll of brand weapon {unknown}
Potions
 c - 2 potions of flight
 f - 2 potions of attraction {unknown}
 h - 2 potions of brilliance {unknown}
 k - 2 potions of curing
 l - a potion of cancellation {unknown}
 n - a potion of magic {unknown}
 o - 2 potions of degeneration {unknown}
 v - a potion of heal wounds {unknown}


   Skills:
 + Level 2.1 Fighting
 + Level 4.6 Dodging
 - Level 7.1 Stealth
 + Level 8.7 Spellcasting
 + Level 6.9 Conjurations
 + Level 9.7 Fire Magic


You had 12 spell levels left.
You knew the following spells:

 Your Spells              Type           Power      Damage    Failure   Level
a - Foxfire               Conj/Fire      100%       2x1d9     1%          1
b - Scorch                Fire           100%       2d10      1%          2
c - Conjure Flame         Conj/Fire      66%        6-21      1%          3
d - Inner Flame           Hex/Fire       50%        N/A       1%          3
e - Flame Wave            Conj/Fire      66%        3d12      1%          4

Your spell library contained the following spells:

 Spells                   Type           Power      Damage    Failure   Level
 Freeze                   Ice            40%        1d6       2%          1
 Hailstorm                Conj/Ice       27%        3d7       6%          4
 Frozen Ramparts          Ice            20%        1d4       8%          3
 Borgnjor's Revivificati  Necr           5%         N/A       100%        8
 Necromutation            Tmut/Necr      5%         N/A       100%        8
 Death's Door             Necr           5%         N/A       100%        9


Dungeon Overview and Level Annotations

Branches:
Dungeon (7/15)              Sewer (visited)
 Temple: D:4-7

Altars:
Ru
Uskayaw
Vehumet
Wu Jian


Message History

Confirm with . or Enter, or press ? or * to list all spells.
You feel a surge of power!
You miscast Scorch.
You are very lightly contaminated with residual magic.
Nothing appears to happen.
The gnoll closely misses you.
The gnoll sergeant hits you from afar with a +1 spear of venom!
You are poisoned.
Casting: Scorch (safe; 1% risk of failure)
Confirm with . or Enter, or press ? or * to list all spells.
You feel a surge of power!
Flames lash the gnoll sergeant.
The gnoll sergeant is lightly wounded.
The gnoll sergeant's fire resistance burns away.
You feel very sick. The gnoll misses you.
The gnoll sergeant hits you from afar with a +1 spear of venom.
You are more poisoned.
Casting: Scorch (safe; 1% risk of failure)
Confirm with . or Enter, or press ? or * to list all spells.
You feel a surge of power!
Flames lash the gnoll.
The gnoll is heavily wounded.
The gnoll's fire resistance burns away.
You feel very sick.
The gnoll hits you from afar with a +0 halberd!
The gnoll sergeant barely misses you.
Casting: Scorch (safe; 1% risk of failure)
Confirm with . or Enter, or press ? or * to list all spells.
You feel a surge of power!
Flames lash the gnoll sergeant.
The gnoll sergeant is burned terribly!
The gnoll sergeant is severely wounded.
* * * LOW HITPOINT WARNING * * *
You feel very sick.
The gnoll sergeant is no longer more vulnerable to fire.
The gnoll closely misses you. The gnoll sergeant barely misses you.
You can now pass through a line of other dancers.
* * * LOW HITPOINT WARNING * * *
You feel very sick. The gnoll closely misses you.
The gnoll sergeant hits you from afar with a +1 spear of venom!
* * * LOW HITPOINT WARNING * * *
You climb upwards.
You die...

### #.# ####.# #....#
#.##.# ###### #.##.#
.....# #.##.#
.###.###########)##.#
.'..............@##.#
.###.###########.##.#
.# #.# #.##.# ## #.#
#.##.# ####.# #.##.#
..##.# #####'##.####
..##.####
#......)....#
..+.....#
#......)....##########
..##.##.#
#......)..............


There were no monsters in sight!

Vanquished Creatures
  Pikel (D:6)
  Grinder (D:3)
  Eustachio (D:4)
  A steam dragon (D:7)
  Edmund (D:6)
  A sky beast (D:4)
  4 black bears
  An ice beast (D:5)
  3 ogres
  4 phantoms
  A lemure (D:6)
  A kobold brigand (D:7)
  A gnoll sergeant (D:6)
  2 bullfrogs (Sewer)
  3 scorpions (D:5)
  A water moccasin skeleton (D:5)
  A bullfrog zombie (D:6)
  3 orc priests
  2 bullfrog skeletons
  2 hounds (D:5)
  2 jellies
  A centaur skeleton (D:4)
  A gnoll shaman (D:6)
  Jessica (D:3)
  An orc wizard (D:5)
  3 iguanas (D:4)
  14 gnolls
  11 adders
  2 shadow imps
  An adder skeleton (D:4)
  3 worms
  6 dart slugs
  6 orcs
  10 ball pythons
  2 bats
  8 endoplasms
  10 giant cockroaches
  A goblin (D:1)
  5 hobgoblins
  5 jackals
  9 kobolds
  3 quokkas
  7 frilled lizards
  4 rats
151 creatures vanquished.

Vanquished Creatures (collateral kills)
  2 foxfires (D:3)
2 creatures vanquished.

Vanquished Creatures (others)
  229 foxfires
229 creatures vanquished.

Grand Total: 382 creatures vanquished

Notes
Turn   | Place    | Note
-------+----------+-------------------------------------------
     0 | D:1      | Gwenloh the Deep Elf Fire Elementalist began the quest for
                  | the Orb.
     0 | D:1      | Reached XP level 1. HP: 10/10 MP: 6/6
   369 | D:1      | Found a faded altar of an unknown god.
   382 | D:1      | Became a worshipper of Uskayaw the Reveller
   382 | D:1      | Reached * piety under Uskayaw
   429 | D:1      | Reached XP level 2. HP: 15/15 MP: 5/8
   516 | D:1      | Learned a level 2 spell: Scorch
   858 | D:1      | Reached ** piety under Uskayaw
  1280 | D:2      | Reached XP level 3. HP: 19/19 MP: 7/9
  1284 | D:2      | Learned a level 3 spell: Conjure Flame
  1442 | D:2      | Reached skill level 4 in Fire Magic
  1900 | D:3      | Noticed a phantom
  1928 | D:2      | Killed a phantom
  1928 | D:2      | Reached *** piety under Uskayaw
  1929 | D:2      | Reached XP level 4. HP: 16/24 MP: 2/12
  1933 | D:2      | Learned a level 3 spell: Inner Flame
  2169 | D:3      | Reached XP level 5. HP: 28/28 MP: 7/13
  2277 | D:3      | Noticed Grinder
  2408 | D:3      | Killed Grinder
  2409 | D:3      | Reached skill level 5 in Fire Magic
  2409 | D:3      | Reached XP level 6. HP: 32/32 MP: 3/15
  2922 | D:3      | Noticed Jessica
  2925 | D:3      | Killed Jessica
  3281 | D:3      | Found an ornate altar of the Wu Jian Council.
  3414 | D:4      | Reached skill level 5 in Spellcasting
  3419 | D:4      | Learned a level 4 spell: Flame Wave
  3431 | D:4      | Reached skill level 6 in Fire Magic
  3431 | D:4      | Reached XP level 7. HP: 36/36 MP: 7/16
  3501 | D:4      | Noticed Eustachio
  3513 | D:4      | Killed Eustachio
  3514 | D:4      | Reached skill level 5 in Stealth
  4146 | D:4      | Found a sacrificial altar of Ru.
  4160 | D:4      | Found a radiant altar of Vehumet.
  4288 | D:4      | Reached skill level 7 in Fire Magic
  4554 | D:5      | Entered Level 5 of the Dungeon
  4587 | D:5      | Reached XP level 8. HP: 10/41 MP: 2/19
  5065 | D:5      | Reached skill level 5 in Conjurations
  5233 | D:4      | Reached skill level 8 in Fire Magic
  5903 | D:5      | Reached XP level 9. HP: 45/45 MP: 15/22
  6321 | D:6      | Reached **** piety under Uskayaw
  6519 | D:6      | Reached skill level 9 in Fire Magic
  6525 | D:6      | Found a glowing drain.
  6529 | Sewer    | Entered a sewer
  6854 | Sewer    | Identified the ring "Ared" {Wiz rElec rF+++ rC-}
  7651 | D:6      | Noticed Pikel
  7665 | D:6      | Killed Pikel
  7666 | D:6      | Reached skill level 1 in Fighting
  7912 | D:6      | Noticed Edmund
  7919 | D:6      | Killed Edmund
  8885 | D:7      | HP: 1/48 [gnoll sergeant (10)]
  8886 | D:6      | Succumbed to a gnoll sergeant's poison

Illustrated notes

Levels and vault maps discovered:
D:1:      ebering_trefoil_3fold, layout_loops_ring,
          hellmonk_ecumenical_altar_zigzags
D:2:      layout_loops_ring
D:3:      layout_loops_ring, nicolae_wu_jian_immortal_techniques,
          guppyfry_early_lair_pool, uniq_jessica, uniq_grinder
D:4:      layout_loops_ring, minitemple, uniq_eustachio
D:5:      layout_gridville, dk_noncrumbling_2, minmay_diced_spiral
D:6:      layout_basic, gup_sewer_entry_bowl, uniq_pikel, uniq_edmund
D:7:      layout_loops_cross, temple_pool_b, chequers_ossuary_entry_cave,
          st_stairs_2, uniq_crazy_yiuf_cottage, uniq_maggie

Skill      XL: |  1  2  3  4  5  6  7  8  9 |
---------------+----------------------------+-----
Stealth        | 3 4 5 7 |  7.1
Fire Magic     | 4 5 6 7 8 9 |  9.7
Spellcasting   | 4 5 6 7 8 |  8.7
Conjurations   | 2 3 4 5 6 |  6.9
Dodging        | 4 |  4.6
Fighting       | 2 |  2.1

Action                   |  1- 3 |  4- 6 |  7- 9 || total
-------------------------+-------+-------+-------++-------
Melee: Staff             |     2 |       |     4 ||     6
 Cast: Foxfire           |    35 |    35 |    77 ||   147
       Scorch            |    16 |    23 |   112 ||   151
       Inner Flame       |       |     1 |       ||     1
       Conjure Flame     |       |     4 |    12 ||    16
       Flame Wave        |       |       |     3 ||     3
Invok: Stomp             |     1 |       |     2 ||     3
       Line Pass         |       |       |     2 ||     2
Evoke: Wand              |       |       |     1 ||     1
  Use: Potion            |       |       |     2 ||     2
       Scroll            |       |       |     7 ||     7
 Stab: Paralysed         |       |       |     1 ||     1
Armor: Robe              |       |       |     4 ||     4
Dodge: Dodged            |     5 |       |    31 ||    36

Table legend: (Time is in decaauts)
 A = Elapsed time spent in this place.
 B = Non-inter-level travel time spent in this place.
 C = Inter-level travel time spent in this place.
 D = Time resting spent in this place.
 E = Time spent auto-exploring this place.
 F = Levels seen in this place.
 G = Mean time per level.
                   A        B        C        D        E       F      G
               +--------+--------+--------+--------+--------+-----+--------+
         Total |   8985 |   8868 |    117 |   1331 |   6179 |   8 | 1123.1 |
       Dungeon |   8407 |   8290 |    117 |   1289 |   5880 |   7 | 1201.0 |
         Sewer |    577 |    577 |      0 |     42 |    298 |   1 |  577.0 |
               +--------+--------+--------+--------+--------+-----+--------+

Top non-repeatable levels by time:
     D:6: 2036 daAuts
     D:4: 1459 daAuts
     D:5: 1421 daAuts
     D:3: 1385 daAuts
     D:2: 1047 daAuts
     D:1: 914 daAuts
   Sewer: 577 daAuts
     D:7: 141 daAuts
